 Dungeon Crawl Stone Soup version 0.31.0-12-g77e489cdc1 (webtiles) character file.

Game seed: 4352438361055483383

1261 Grombok the Ruffian (level 8, -8/74 HPs)
             Began as a Troll Warper on Mar 4, 2024.
             Was a Believer of Zin.
             Mangled by Prince Ribbit (15 damage)
             ... on level 6 of the Dungeon.
             The game lasted 00:25:18 (4981 turns).

Grombok the Ruffian (Troll Warper)                  Turns: 4981, Time: 00:25:18

Health: -8/74      AC:  6    Str: 22    XL:     8   Next: 27%
Magic:  9/9        EV: 10    Int:  9    God:    Zin [**....]
Gold:   17         SH:  5    Dex:  9    Spells: 9/9 levels left

rFire   . .          .
                       - Unarmed
rCold   . . .        (no shield)
rNeg    + . .        y - +2 robe {rN+}
rPois   .            (helmet restricted)
rElec   .            (no cloak)
rCorr   +            (gloves unavailable)
SInv    .            (boots unavailable)
Will    .....        k - amulet of reflection
Stlth   +            w - ring of resist corrosion
HPRegen 1.12/turn    (no ring)
MPRegen 0.11/turn

%: reflection
@: no status effects
A: large, unfitting armour, claws 3, regeneration 1, shaggy fur 1, tough skin 1
a: Renounce Religion, Recite, Vitalisation, Donate Gold


You were on level 6 of the Dungeon.
You worshipped Zin.
Zin was pleased with you.
You visited 1 branch of the dungeon, and saw 6 of its levels.

You collected 197 gold pieces.
You donated 180 gold pieces to Zin.

Inventory:

Hand Weapons
 b - a +0 scythe
 d - a +0 spear
 g - a +0 club
 h - a +0 short sword
 j - a +0 club
 l - a +1 short sword of speed
 m - a +0 dagger
 A - a +4 club
 F - a +2 hand axe of flaming
 I - a +3 short sword
Missiles
 c - 4 darts of dispersal (quivered)
 i - 66 stones
 J - a curare-tipped dart
Armour
 a - a +0 robe
 f - a +0 scale mail
 y - a +2 robe of positive energy (worn)
Jewellery
 k - an amulet of reflection (around neck)
 w - a ring of resist corrosion (left claw)
 G - a +6 ring of dexterity
Talismans
 r - a flux talisman
Wands
 v - a wand of charming (10)
 x - a wand of flame (27)
 z - a wand of roots (20)
Scrolls
 e - a scroll of torment {unknown}
 o - 4 scrolls of teleportation {unknown}
 p - 3 scrolls of identify {unknown}
 u - a scroll of immolation
 B - a scroll of amnesia {unknown}
 C - 2 scrolls of noise {unknown}
 H - a scroll of poison {unknown}
Potions
 n - 3 potions of curing {unknown}
 q - a potion of brilliance {unknown}
 s - a potion of resistance {unknown}
 t - a potion of heal wounds
 D - a potion of mutation {unknown}
 E - a potion of ambrosia {unknown}


   Skills:
 + Level 2.8 Fighting
 + Level 1.2 Throwing
 + Level 4.6 Dodging
 + Level 1.1 Stealth
 + Level 2.4 Shields
 + Level 6.7 Unarmed Combat
 + Level 1.3 Spellcasting
 + Level 2.5 Translocations
 + Level 1.0 Invocations


You had 9 spell levels left.
You didn't know any spells.
Your spell library contained the following spells:

 Spells                   Type           Power      Damage    Failure   Level
 Apportation              Tloc           10%        N/A       13%         1
 Blink                    Tloc           10%        N/A       19%         2
 Lesser Beckoning         Tloc           10%        N/A       19%         2
 Necrotise                Necr           0%         1d4       34%         1
 Sting                    Conj/Alch      0%         1d3       34%         1
 Summon Small Mammal      Summ           0%         N/A       34%         1
 Teleport Other           Tloc           5%         N/A       36%         3
 Hailstorm                Conj/Ice       0%         3d5       71%         3
 Summon Ice Beast         Ice/Summ       0%         N/A       71%         3
 Manifold Assault         Tloc           5%         N/A       77%         4
 Vhi's Electric Charge    Tloc/Air       4%         N/A       91%         4
 Sculpt Simulacrum        Ice/Alch       0%         N/A       100%        6


Dungeon Overview and Level Annotations

Branches:
Dungeon (6/15)
 Temple: D:4-7

Altars:
Ashenzari
Kikubaaqudgha
Ru
Zin

Shops:
D:1 ?   D:6 **

Annotations:
D:6 Prince Ribbit


Innate Abilities, Weirdness & Mutations

You are too large for most types of armour.
You have claws for hands.
Your natural rate of healing is unusually fast.
You are covered in fur. (AC +1)
You have tough skin. (AC +1)


Message History

The orc closely misses you.
Prince Ribbit hits you but does no damage.
Things that are here:
a +0 flail; a +0 leather armour Prince Ribbit hits you!
The orc barely misses you. Prince Ribbit barely misses you.
You mangle the orc!!
You kill the orc!
The orc hits you but does no damage. Prince Ribbit closely misses you.
You claw the orc!
You kill the orc!
The orc hits you from afar with a +0 trident!
You block Prince Ribbit's attack.
Prince Ribbit hits you but does no damage.
The orc hits you from afar with a +0 trident.
Things that are here:
a +0 dagger; a +0 hand axe; an orc corpse Prince Ribbit asks, "Just a little smooch?"
Prince Ribbit hits you! You block Prince Ribbit's attack.
Prince Ribbit closely misses you. The orc barely misses you.
Prince Ribbit hits you but does no damage.
Prince Ribbit hits you! The orc hits you but does no damage.
You block Prince Ribbit's attack. Prince Ribbit closely misses you.
The orc closely misses you. Prince Ribbit hits you!
* * * LOW HITPOINT WARNING * * *
You block the orc's attack. Prince Ribbit hits you.
* * * LOW HITPOINT WARNING * * *
Things that are here:
a +0 flail; a +0 leather armour You block Prince Ribbit's attack.
The orc hits you with a +0 trident.
* * * LOW HITPOINT WARNING * * *
You closely miss the orc. Your claw misses the orc.
You block Prince Ribbit's attack. The orc hits you but does no damage.
Prince Ribbit hits you but does no damage.
You scratch the orc but do no damage. Your claw misses the orc.
The orc hits you with a +0 trident.
* * * LOW HITPOINT WARNING * * *
Prince Ribbit hits you!
You die...

....#.# ... ...#.#.
...######### ..#.#.#
....#......# .#.#.#.
.#$.........#
#.#.#.#.#.#.....)...#
.#.#.#.#.#.#........#
#.#.#.#.#.#.#.......#
.#.#.#.#.#.#.#..)F..#
#.#.#.#.#.#.#...@o..#
.#.#.#.#.#.#.....#.##
#.#.#.#.#.#..[...#.##
.#.#.#.#.#..........#
..#.#.#.#....#.###.....)
...#.#.#....##.# ###....
.)..#.#..... #.# ....
#....#....#.##.# ...>
...............# .


You could see Prince Ribbit and an orc.

Vanquished Creatures
  Sigmund (D:3)
  2 black bears
  A kobold brigand (D:6)
  3 scorpions
  A howler monkey (D:5)
  3 jellies
  A bombardier beetle (D:5)
  3 hounds
  2 orc priests
  Ijyb (D:4)
  4 iguanas
  An orc wizard (D:3)
  8 adders
  A shadow imp (D:6)
  2 dart slugs
  A ribbon worm (D:2)
  19 orcs
  7 ball pythons
  An endoplasm (D:4)
  4 giant cockroaches
  8 goblins
  7 hobgoblins
  11 jackals
  4 quokkas
  8 bats
  5 frilled lizards
  12 kobolds
  4 rats
125 creatures vanquished.

Notes
Turn   | Place    | Note
-------+----------+-------------------------------------------
     0 | D:1      | Grombok the Troll Warper began the quest for the Orb.
     0 | D:1      | Reached XP level 1. HP: 19/19 MP: 1/1
     7 | D:1      | Found Uxomycaf's Magic Scroll Boutique.
   151 | D:1      | Reached XP level 2. HP: 28/28 MP: 2/2
   846 | D:1      | Reached XP level 3. HP: 35/35 MP: 4/4
  1832 | D:3      | Found a faded altar of an unknown god.
  1837 | D:3      | Reached XP level 4. HP: 42/42 MP: 5/5
  1848 | D:3      | Prayed at the altar of an unknown god.
  1848 | D:3      | Became a worshipper of Zin the Law-Giver
  1848 | D:3      | Reached * piety under Zin
  1849 | D:3      | Donated 25 gold pieces to Zin
  1891 | D:3      | Donated 21 gold pieces to Zin
  1892 | D:3      | Donated 10 gold pieces to Zin
  1918 | D:3      | Found a broken altar of Ashenzari.
  1941 | D:3      | Reached skill level 3 in Unarmed Combat
  2153 | D:3      | Noticed Sigmund
  2181 | D:3      | Killed Sigmund
  2182 | D:3      | Reached skill level 1 in Throwing
  2182 | D:3      | Reached skill level 1 in Shields
  2182 | D:3      | Reached skill level 4 in Unarmed Combat
  2182 | D:3      | Reached XP level 5. HP: 15/49 MP: 6/6
  2182 | D:3      | Reached XP level 6. HP: 18/57 MP: 7/7
  2189 | D:3      | Donated 12 gold pieces to Zin
  2253 | D:3      | Reached ** piety under Zin
  2324 | D:3      | Found a sacrificial altar of Ru.
  2670 | D:3      | Donated 17 gold pieces to Zin
  2982 | D:4      | Found an ancient bone altar of Kikubaaqudgha.
  3301 | D:4      | Reached skill level 5 in Unarmed Combat
  3317 | D:4      | Noticed Ijyb
  3334 | D:4      | Killed Ijyb
  3335 | D:4      | Reached XP level 7. HP: 40/66 MP: 8/8
  3614 | D:5      | Entered Level 5 of the Dungeon
  4257 | D:5      | Donated 41 gold pieces to Zin
  4258 | D:5      | Donated 20 gold pieces to Zin
  4259 | D:5      | Donated 10 gold pieces to Zin
  4337 | D:5      | Reached skill level 6 in Unarmed Combat
  4673 | D:6      | Reached skill level 1 in Stealth
  4682 | D:6      | Reached XP level 8. HP: 59/74 MP: 9/9
  4713 | D:6      | Found Faowar's Assorted Antiques.
  4715 | D:6      | Donated 5 gold pieces to Zin
  4767 | D:6      | Found Gaib's General Store.
  4786 | D:6      | Reached skill level 1 in Invocations
  4954 | D:6      | Noticed Prince Ribbit
  4981 | D:6      | Mangled by Prince Ribbit

Illustrated notes

Levels and vault maps discovered:
D:1:      onia_arrival_pentagram, layout_basic, serial_curves, eino_curves_03,
          eino_curves_03, serial_shops, shop
D:2:      layout_rooms, minivault_27
D:3:      layout_loops_cross, mainiacjoe_overflow_six_doors_small,
          hangedman_ru_absence, hellmonk_ecumenical_altar_blasted, uniq_sigmund
D:4:      layout_basic, lemuel_round_altar, uniq_ijyb
D:5:      layout_loops_ring
D:6:      layout_rooms, serial_shops, nicolae_shop_tiny_waterfront, shop,
          nicolae_shop_trees, nicolae_the_louvre, uniq_prince_ribbit1

Skill      XL: |  1  2  3  4  5  6  7  8 |
---------------+-------------------------+-----
Dodging        | 2 3 4 |  4.6
Fighting       | 2 |  2.8
Unarmed Combat | 4 5 6 |  6.7
Throwing       | 1 |  1.2
Shields        | 1 2 |  2.4
Stealth        | 1 |  1.1
Invocations    | 1 |  1.0
Spellcasting   | |  1.3
Translocations | |  2.5

Action                     |  1- 3 |  4- 6 |  7- 9 || total
---------------------------+-------+-------+-------++-------
  Melee: Unarmed           |   123 |   113 |   146 ||   382
         Punch             |     1 |     4 |     7 ||    12
  Throw: Dart              |       |     3 |       ||     3
 Invoke: Donate Gold       |       |     5 |     4 ||     9
         Recite            |       |       |     4 ||     4
    Use: Scroll            |       |     1 |       ||     1
         Potion            |       |       |     1 ||     1
   Stab: Confused          |       |       |     2 ||     2
         Invisible         |       |       |     1 ||     1
 Armour: Robe              |   154 |    81 |   134 ||   369
  Dodge: Dodged            |   125 |    60 |    97 ||   282
  Block: Other             |    16 |    35 |    46 ||    97
         Reflection        |     1 |       |     1 ||     2
